Map: King's Cove LE

Players

Phtevan - Winner!

  • Race: Zerg Zerg
  • League: Bronze
  • Spawn Location: 11:00

Takker

  • Race: Protoss Protoss
  • League: Silver
  • Spawn Location: 5:00

VOD

Have the link to the VOD?

Description

Time

  • Played on: May 27, 2019, 1:42 p.m.
  • Length: 11:38
Show
View Real Time Build Order
Export as new Build Order

Phtevan Zerg - Winner!

Build Orders: Pool First 

Get SALT Encoding   

  12  0:22  Spawning Pool  
  12  0:26  Drone  
  12  0:27  Drone  
  13  0:37  Overlord  
  13  0:53  Extractor  
  12  1:19  Hatchery  
  11  1:50  Extractor, Zergling x2  
  11  1:51  Zergling x4  
  13  2:11  Lair  
  13  2:17  Drone  
  13  2:18  Drone  
  12  2:55  Drone x3  
  12  2:57  Drone x3  
  18  3:26  Spire  
  17  3:34  Extractor  
  17  3:37  Drone x2  
  17  3:38  Drone  
  19  4:05  Queen  
  19  4:07  Overlord  
  21  4:11  Overlord  
  21  4:44  Mutalisk x3  
  27  4:55  Drone x3  
  27  4:58  Overlord  
  30  5:24  Drone  
  30  5:25  Drone x3  
  30  5:27  Drone x2  
  36  5:50  Mutalisk x2  
  36  5:51  Mutalisk x3  
  46  6:22  Extractor  
  46  6:23  Zerg Flyer Weapons Level 1  
  45  6:40  Overlord x3  
  45  7:13  Mutalisk  
  45  7:14  Mutalisk x6  
  59  7:30  Drone x3  
  62  8:02  Mutalisk x3  
  68  8:06  Overlord x3  
  68  8:27  Mutalisk x4  
  76  8:55  Mutalisk  
  76  8:56  Mutalisk x2  
  82  9:10  Zerg Flyer Weapons Level 2  
  80  9:33  Hatchery  
  77  10:05  Mutalisk  
  77  10:06  Mutalisk x5  
  83  11:19  Overlord x3  
  83  11:26  Drone x2  
Show
View Real Time Build Order
Export as new Build Order

Takker Protoss 

Build Orders:  

Get SALT Encoding   

  12  0:01  Probe  
  13  0:09  Probe  
  14  0:25  Pylon  
  14  0:28  Probe  
  15  0:40  Assimilator  
  15  0:43  Probe  
  15  0:47  Pylon  
  16  0:59  Probe, Gateway  
  17  1:07  Probe  
  17  1:17  Probe  
  19  1:29  Probe  
  20  1:41  Probe  
  20  1:46  Zealot  
  23  1:53  Probe  
  24  1:57  Cybernetics Core  
  24  2:02  Pylon  
  24  2:05  Probe  
  25  2:09  Pylon  
  25  2:13  Zealot  
  27  2:17  Probe  
  27  2:19  Assimilator  
  28  2:40  Zealot  
  28  2:41  Warp Gate  
  30  2:44  Gateway  
  30  2:53  Robotics Facility  
  30  3:10  Forge  
  30  3:12  Sentry  
  32  3:14  Probe  
  33  3:22  Probe  
  34  3:33  Nexus  
  34  3:38  Stalker  
  36  3:43  Pylon  
  36  4:10  Robotics Facility  
  36  4:17  Pylon  
  36  4:20  Assimilator  
  36  4:23  Assimilator  
  36  4:35  Protoss Ground Weapons Level 1  
  36  4:36  Immortal  
  40  4:50  Probe  
  41  4:59  Probe  
  41  5:01  Observer, Probe  
  41  5:07  Probe  
  43  5:13  Probe  
  46  5:16  Probe  
  46  5:19  Stalker x2  
  46  5:21  Observer  
  51  5:26  Probe  
  53  5:29  Probe  
  54  6:01  Photon Cannon  
  54  6:04  Photon Cannon  
  54  6:06  Pylon  
  54  6:13  Stalker x2  
  54  6:17  Pylon  
  58  6:21  Pylon  
  58  6:33  Probe  
  58  6:34  Immortal  
  59  6:40  Probe  
  59  6:41  Probe  
  59  6:44  Protoss Ground Armor Level 1  
  65  6:52  Probe x2  
  67  7:04  Probe  
  67  7:06  Photon Cannon  
  68  7:11  Photon Cannon  
  68  7:16  Probe  
  68  7:17  Probe  
  70  7:23  Stalker x2  
  70  7:24  Photon Cannon  
  70  7:26  Photon Cannon  
  70  7:28  Probe  
  70  7:29  Probe  
  76  7:34  Gateway  
  76  7:36  Gateway  
  76  7:40  Probe  
  76  7:41  Probe  
  78  7:47  Gateway  
  78  7:49  Immortal, Gateway  
  82  7:52  Probe, Forge  
  83  8:09  Stalker x2  
  86  8:35  Stalker x2  
  86  8:36  Stalker x2  
  94  9:16  Nexus  
  93  9:26  Nexus  
  93  9:28  Assimilator  
  92  9:37  Assimilator  
  81  9:39  Assimilator  
  81  9:54  Pylon x2  
  81  9:56  Pylon x2  
  81  9:59  Pylon  
  81  10:02  Pylon  
  81  10:21  Pylon  
  81  10:28  Pylon  
  81  10:30  Stalker x3  
  81  10:34  Pylon  
  43  11:09  Stalker, Photon Cannon  
  43  11:10  Stalker x3, Photon Cannon  
  43  11:19  Probe  
Tags
 
Matchup
PvZ
Opening
Pool First
Replay Pack
Up to May 28th
Spawn Locations
Cross Positions
Add a new tag
Caveats
  • Supply blocks, unpowered buildings, or Contaminate may cause inaccurate times.
  • Supply counts are checked every 10 seconds.